 Dungeon Crawl Stone Soup version 0.23.2-33-g5129a83184 (webtiles) character file.

Game seed: 1155270610329070163

1304 funkygono the Shield-Bearer (level 8, -9/64 HPs)
             Began as a Formicid Fighter on July 11, 2019.
             Mangled by Prince Ribbit (12 damage)
             ... on level 7 of the Dungeon.
             The game lasted 00:15:28 (5877 turns).

funkygono the Shield-Bearer (Formicid Fighter)      Turns: 5877, Time: 00:15:29

Health: -9/64      AC: 12    Str: 22    XL:     8   Next: 88%
Magic:  8/8        EV:  6    Int:  9    God:
Gold:   223        SH: 12    Dex: 10    Spells: 4/7 levels left

rFire    + + .     SeeInvis +   a - +0 flail
rCold    . . .     Gourm    +   c - +2 shield
rNeg     . . .     Faith    .   l - +1 plate armour {rF+}
rPois    .         Spirit   .   (helmet unavailable)
rElec    .         Reflect  .   (no cloak)
rCorr    .         Harm     .   y - -2 pair of gloves (curse)
MR       .....                  (no boots)
Stlth    ..........             w - amulet of the gourmand
HPRegen  0.20/turn              k - ring of protection from fire
MPRegen  0.11/turn              (no ring)

@: no status effects
A: permanent stasis, dig shafts and tunnels, four strong arms, antennae 3
a: Dig, Shaft Self


You were on level 7 of the Dungeon.
You were completely stuffed.

You visited 1 branch of the dungeon, and saw 7 of its levels.

You collected 223 gold pieces.

Inventory:

Hand Weapons
 a - a +0 flail (weapon)
 m - a +1 hand crossbow of freezing
 q - a +0 hunting sling
 v - a +0 hunting sling
Missiles
 g - 209 stones (quivered)
 p - 30 sling bullets
Armour
 b - a +0 scale mail
 c - a +2 shield (worn)
 l - a +1 plate armour of fire resistance (worn)
 y - a cursed -2 pair of gloves (worn)
Jewellery
 k - a ring of protection from fire (left hand)
 w - an amulet of the gourmand (around neck)
Wands
 d - a wand of paralysis (10)
 u - a wand of scattershot (2)
Scrolls
 x - 3 scrolls of remove curse
 B - a scroll of fog
Potions
 e - a potion of curing
 h - 3 potions of flight
 i - a potion of cancellation
 j - a potion of degeneration
 n - a potion of invisibility
 r - a potion of heal wounds {unknown}
 s - a potion of magic {unknown}
 t - a potion of agility {unknown}
 z - 2 potions of haste {unknown}
 A - a potion of ambrosia {unknown}
Comestibles
 f - 12 rations
 o - 2 chunks of flesh


   Skills:
 + Level 5.7 Fighting
 + Level 6.3 Maces & Flails
 + Level 5.5 Armour
 + Level 1.4 Dodging
 + Level 0.2 Stealth
 + Level 7.1 Shields
 + Level 0.3 Spellcasting
 + Level 0.2 Transmutations


You had 4 spell levels left.
You knew the following spells:

 Your Spells              Type           Power        Failure   Level  Hunger
a - Beastly Appendage     Tmut           #.....       100%        1    ##.....
b - Confusing Touch       Hex            #.....       100%        1    ##.....
c - Flame Tongue          Conj/Fire      #....        100%        1    ##.....

Your spell library contained the following spells:

 Spells                   Type           Power        Failure   Level  Hunger
 Animate Skeleton         Necr           N/A          100%        1    ##.....
 Apportation              Tloc           #.....       100%        1    ##.....
 Summon Small Mammal      Summ           #...         100%        1    ##.....
 Sticks to Snakes         Tmut           #.......     100%        2    ###....
 Throw Flame              Conj/Fire      #.....       100%        2    ###....
 Conjure Flame            Conj/Fire      #.......     100%        3    ####...
 Inner Flame              Hex/Fire       #.......     100%        3    ####...
 Spider Form              Tmut/Pois      #.........   100%        3    ####...
 Ice Form                 Ice/Tmut       #.......     100%        4    #####..
 Sticky Flame             Conj/Fire      #.......     100%        4    #####..
 Blade Hands              Tmut           #.........   100%        5    ######.
 Fireball                 Conj/Fire      #.........   100%        5    ######.


Dungeon Overview and Level Annotations

Branches:
Dungeon (7/15)
 Temple: D:4-7

Altars:
Elyvilon
Gozag
Hepliaklqana
Kikubaaqudgha
Nemelex Xobeh
Qazlal
Sif Muna
Uskayaw
Wu Jian
Xom
Yredelemnul
Zin

Shops:
D:4 }

Annotations:
D:7 Joseph, Prince Ribbit


Innate Abilities, Weirdness & Mutations

You cannot be hasted, slowed, berserked, paralysed or teleported.
You can dig through walls and to a lower floor.
Your four strong arms can wield two-handed weapons with a shield.
You have a pair of large antennae on your head. (SInv)


Message History

You hear a howl!
Prince Ribbit hits you. x2
You completely miss Prince Ribbit.
Prince Ribbit is lightly wounded.
Prince Ribbit hits you!
* * * LOW HITPOINT WARNING * * *
Unknown command.
Prince Ribbit blinks!
The howler monkey hoots and howls with incredible vigour!
You hear a shout!
A howler monkey comes into view.
The howler monkey hoots and howls with incredible vigour!
You hear a shout!
You block Prince Ribbit's attack. Prince Ribbit hits you!
* * * LOW HITPOINT WARNING * * *
Things that are here:
a +0 dagger x2
Prince Ribbit hits you!
You die...

.##...........#........#
##..........##.#......##
#..........##..........###
#.........##...).........#
...........##......#......#
........[...h......##..#..#
.....#....#....##......####
.....#....#...)F##.....#
...............#@.<...##
..##...[..............# ..
##.............#...#
..###.......#.....#####
....#.......#.....#
............#...###
##....)..#.....##
.#.......##...##
..........#...#


You could see Prince Ribbit and a howler monkey.

Vanquished Creatures
  An ice beast (D:7)
  3 phantoms
  2 ogres
  A centaur (D:7)
  2 scorpions
  3 crimson imps (D:6)
  A centaur zombie (D:6)
  2 hounds
  An orc wizard (D:6)
  2 centaur skeletons
  2 iguanas
  3 worker ants
  A worker ant zombie (D:5)
  Robin (D:3)
  3 gnolls (D:6)
  5 adders
  2 shadow imps
  An ooze (D:1)
  An adder skeleton (D:4)
  2 worms
  2 dart slugs
  2 leopard geckos
  11 orcs
  5 giant cockroaches
  10 hobgoblins
  3 jackals (D:3)
  9 kobolds
  A quokka (D:3)
  2 bats
  A frilled lizard (D:3)
  13 goblins
  7 rats
105 creatures vanquished.

Notes
Turn   | Place    | Note
-------+----------+-------------------------------------------
     0 | D:1      | funkygono the Formicid Fighter began the quest for the Orb.
     0 | D:1      | Reached XP level 1. HP: 18/18 MP: 1/1
    70 | D:1      | Reached XP level 2. HP: 24/24 MP: 2/2
   405 | D:1      | Reached XP level 3. HP: 28/29 MP: 3/3
  1219 | D:2      | Reached XP level 4. HP: 37/37 MP: 4/4
  1250 | D:2      | Noticed a phantom
  1328 | D:2      | Killed a phantom
  1328 | D:2      | Reached skill level 1 in Dodging
  1328 | D:2      | Reached skill level 4 in Shields
  1328 | D:2      | Reached XP level 5. HP: 27/42 MP: 5/5
  2011 | D:3      | Noticed Robin
  2036 | D:3      | Killed Robin
  2335 | D:3      | Reached XP level 6. HP: 43/48 MP: 6/6
  2553 | D:3      | Found a hide-covered altar of Uskayaw.
  2554 | D:3      | Found an opulent altar of Gozag.
  2556 | D:3      | Found a hazy altar of Hepliaklqana.
  2560 | D:3      | Found a glowing silver altar of Zin.
  2560 | D:3      | Found a white marble altar of Elyvilon.
  2560 | D:3      | Found a basalt altar of Yredelemnul.
  2560 | D:3      | Found a deep blue altar of Sif Muna.
  2562 | D:3      | Found a stormy altar of Qazlal.
  2564 | D:3      | Found an ornate altar of the Wu Jian Council.
  2566 | D:3      | Found a shimmering altar of Xom.
  3215 | D:4      | Reached skill level 5 in Shields
  3227 | D:4      | Noticed an ogre
  3242 | D:4      | Killed an ogre
  3242 | D:4      | Reached XP level 7. HP: 28/55 MP: 7/7
  3564 | D:4      | Found Recag's Gadget Shoppe.
  3646 | D:4      | Reached skill level 5 in Fighting
  3962 | D:5      | Entered Level 5 of the Dungeon
  4031 | D:5      | Found a sparkling altar of Nemelex Xobeh.
  4109 | D:5      | Reached skill level 5 in Maces & Flails
  4614 | D:6      | Reached skill level 6 in Shields
  4614 | D:6      | Reached XP level 8. HP: 29/62 MP: 8/8
  5001 | D:6      | Learned a level 1 spell: Beastly Appendage
  5003 | D:6      | Learned a level 1 spell: Confusing Touch
  5359 | D:6      | Found an ancient bone altar of Kikubaaqudgha.
  5576 | D:7      | Noticed Joseph
  5585 | D:6      | Reached skill level 5 in Armour
  5676 | D:7      | Reached skill level 7 in Shields
  5692 | D:7      | Learned a level 1 spell: Flame Tongue
  5830 | D:7      | Noticed Prince Ribbit
  5875 | D:7      | HP: 3/64 [Prince Ribbit (11)]
  5877 | D:7      | Mangled by Prince Ribbit

Skill      XL: |  1  2  3  4  5  6  7  8 |
---------------+-------------------------+-----
Maces & Flails | 3 4 5 6 |  6.3
Armour         | 4 5 |  5.5
Dodging        | 1 |  1.4
Shields        | 4 5 6 7 |  7.1
Fighting       | 4 5 |  5.7
Stealth        | |  0.2
Spellcasting   | |  0.3
Transmutations | |  0.2

Action                   |  1- 3 |  4- 6 |  7- 9 || total
-------------------------+-------+-------+-------++-------
Melee: Flail             |    81 |   184 |   347 ||   612
  Use: Scroll            |     2 |     7 |     6 ||    15
       Potion            |       |     2 |       ||     2
  Eat: Chunk             |     1 |     7 |    18 ||    26
Armor: Scale mail        |    27 |    17 |       ||    44
       Plate armour      |       |    70 |   138 ||   208
Dodge: Dodged            |    31 |    38 |    49 ||   118
Block: Shield            |    31 |   120 |   200 ||   351
